 Dungeon Crawl Stone Soup version 0.29-a0-289-g2178c42546 (webtiles) character file.

Game seed: 3333594879639862715

51 tilp the Chiller (level 3, 0/15 HPs)
             Began as a Felid Ice Elementalist on Mar 17, 2022.
             Slain by an adder (2 damage)
             ... on level 2 of the Dungeon.
             The game lasted 00:04:12 (3287 turns).

tilp the Chiller (Felid Ice Elementalist)           Turns: 3287, Time: 00:04:13

Health: 0/15       AC:  1    Str:  4    XL:     3   Next: 58%
Magic:  1/7        EV: 17    Int: 18    God:
Gold:   49         SH:  0    Dex: 16    Spells: 3/7 levels left
                                        Lives:  0   Deaths: 0

rFire   . . .      SeeInvis +   (weapon unavailable)
rCold   . . .      Faith    .   (shield unavailable)
rNeg    . . .      Spirit   .   (body armour unavailable)
rPois   .          Reflect  .   (helmet unavailable)
rElec   .          Harm     .   (cloak unavailable)
rCorr   .          Rampage  .   (gloves unavailable)
Will    .....                   (boots unavailable)
Stlth   ++........              (no amulet)
HPRegen 0.05/turn               (no ring)
MPRegen 0.10/turn               (no ring)

@: mighty, quick
A: very small, claws 1, fangs 3, see invisible, speed 1, shaggy fur 1, stealthy
paws, no weapons or thrown items, no armour, multi-lived
a: no special abilities


You were on level 2 of the Dungeon.
You visited 1 branch of the dungeon, and saw 2 of its levels.

You collected 49 gold pieces.

Inventory:

Jewellery
 h - a ring of protection from fire
Scrolls
 b - a scroll of enchant armour {unknown}
 f - a scroll of teleportation {unknown}
 g - a scroll of noise {unknown}
Potions
 a - a potion of magic
 c - a potion of haste {unknown}
 d - a potion of lignification {unknown}
 e - a potion of might
 i - a potion of degeneration {unknown}
 j - a potion of mutation {unknown}


   Skills:
 + Level 1.3 Fighting
 - Level 2.6 Dodging
 - Level 2.6 Stealth
 + Level 2.5 Spellcasting
 * Level 4.3 Ice Magic


You had 3 spell levels left.
You knew the following spells:

 Your Spells              Type           Power      Damage    Failure   Level
a - Freeze                Ice            68%        1d8       3%          1
b - Frozen Ramparts       Ice            34%        1d5       9%          3

Your spell library contained the following spells:

 Spells                   Type           Power      Damage    Failure   Level
 Ozocubu's Armour         Ice            17%        N/A       9%          3
 Hailstorm                Conj/Ice       10%        3d5       56%         4


Dungeon Overview and Level Annotations

Branches:
Dungeon (2/15)

Altars:


Innate Abilities, Weirdness & Mutations

You have sharp claws.
You have razor-sharp teeth.
You have supernaturally acute eyesight. (SInv)
You cover ground quickly. (Speed+)
You are covered in fur. (AC +1)
Your paws help you pounce on unaware monsters.
You are incapable of wielding weapons or throwing items.
You cannot wear armour.
You gain extra lives every three experience levels.


Message History

You don't have enough magic to cast this spell.
Unknown command.
Casting: Freeze (safe; 3% risk of failure)
Confirm with . or Enter, or press ? or * to list all spells.
Aiming: Freeze (safe; 3% risk of failure)
Press: ? - help, Shift-Dir - straight line, f - adder, p - worm
Aim: an adder (heavily wounded)
You freeze the adder.
The adder is severely wounded.
The adder misses you. The worm bites you.
Unknown command.
Unknown command.
The adder attacks as you move away! The adder closely misses you.
Casting: Freeze (safe; 3% risk of failure)
Confirm with . or Enter, or press ? or * to list all spells.
Aiming: Freeze (safe; 3% risk of failure)
Press: ? - help, Shift-Dir - straight line, f/p - adder
Aim: an adder (severely wounded)
You freeze the adder.
The adder is almost dead.
The adder closely misses you. The adder bites you.
You are poisoned.
The adder poisons you!
Unknown command.
You feel sick. The adder attacks as you move away! The adder barely misses you.
You feel sick.
You feel sick.
You feel sick. The adder attacks as you move away! The adder bites you.
* * * LOW HITPOINT WARNING * * *
You feel sick.
You feel sick.
You are no longer poisoned.
You miss the adder. You bite the adder.
The adder is almost dead.
The adder closely misses you.
It was a potion of might.
You feel very mighty all of a sudden. The adder barely misses you.
The adder bites you.
You die...

# #.# #.###.####.#.# #
#.###.##.........# #
#.....##..####.#.#
#########..#####..####.#.#####
........†...........>........
#########...................
##.####..#######..#
#.####..#######..####.##
#....).@S..w.........⌠..
#################..##.## ..!#
...# ...# ##.. ... .#(#


You could see a worm and an adder.

Vanquished Creatures
  A dart slug (D:1)
  2 ball pythons (D:1)
  4 endoplasms
  5 hobgoblins
  5 jackals (D:1)
  7 kobolds
  7 quokkas
  5 bats (D:1)
  3 goblins
  3 rats
42 creatures vanquished.

Notes
Turn   | Place    | Note
-------+----------+-------------------------------------------
     0 | D:1      | tilp the Felid Ice Elementalist began the quest for the
                  | Orb.
     0 | D:1      | Reached XP level 1. HP: 7/7 MP: 4/4
   257 | D:1      | Reached XP level 2. HP: 12/12 MP: 4/6
   385 | D:1      | Reached skill level 4 in Ice Magic
   395 | D:1      | Reached skill level 1 in Fighting
   876 | D:1      | Reached XP level 3. HP: 3/15 MP: 3/7
  1161 | D:1      | Learned a level 3 spell: Frozen Ramparts
  3287 | D:2      | Slain by an adder

Illustrated notes

Levels and vault maps discovered:
D:1:      dpeg_arrival_windows_large_door, layout_basic, minmay_quantized
D:2:      layout_loops_ring, minmay_pentomino_q4, uniq_terence

Skill      XL: |  1  2 |
---------------+-------+-----
Ice Magic      | 4 |  4.3
Fighting       | 1 |  1.3
Dodging        | |  2.6
Stealth        | |  2.6
Spellcasting   | |  2.5

Action                   || total
-------------------------++-------
Melee: Unarmed           ||    25
       Bite              ||     4
 Cast: Freeze            ||    44
       Frozen Ramparts   ||     7
  Use: Scroll            ||     2
       Potion            ||     1
 Stab: Sleeping          ||     6
Armor: Skin              ||     2
Dodge: Dodged            ||    57

Table legend: (Time is in decaauts)
 A = Elapsed time spent in this place.
 B = Non-inter-level travel time spent in this place.
 C = Inter-level travel time spent in this place.
 D = Time resting spent in this place.
 E = Time spent auto-exploring this place.
 F = Levels seen in this place.
 G = Mean time per level.
                   A        B        C        D        E       F      G
               +--------+--------+--------+--------+--------+-----+--------+
         Total |   2925 |   2827 |     98 |   1009 |   1422 |   2 | 1462.5 |
       Dungeon |   2925 |   2827 |     98 |   1009 |   1422 |   2 | 1462.5 |
               +--------+--------+--------+--------+--------+-----+--------+

Top non-repeatable levels by time:
     D:1: 2524 daAuts
     D:2: 401 daAuts
